 Dungeon Sprint DCSS version 0.30.1-11-g7821555f0a (webtiles) character file.

Game seed: 13795618217914995898

18494 Groucho the Earth Mage (level 12, -8/56 HPs)
             Began as a Spriggan Conjurer on Dec 17, 2023.
             Was the Champion of Vehumet.
             Killed from afar by a frost giant (37 damage)
             ... with a bolt of cold
             ... in the Dungeon (Sprint VII: "The Pits").
             The game lasted 00:27:04 (11749 turns).

Groucho the Earth Mage (Spriggan Conjurer)         Turns: 11749, Time: 00:27:04

Health: -8/56      AC:  3    Str:  3    XL:     12   Next: 28%
Magic:  21/31      EV: 23    Int: 25    God:    Vehumet [******]
Gold:   48         SH:  0    Dex: 13    Spells: 12/40 levels left

rFire   . . .        l - +2 trident
rCold   . . .        (shield currently unavailable)
rNeg    . . .        a - +0 robe
rPois   .            (helmet restricted)
rElec   .            t - +0 cloak
rCorr   .            (gloves unavailable)
SInv    +            (boots unavailable)
Will    ++...        (no amulet)
Stlth   ++           n - +3 ring of evasion
HPRegen 0.29/turn    o - +3 ring of evasion
MPRegen 0.22/turn

%: no teleportation
@: very quick
A: very small, no large weapons, unfitting armour, see invisible, speed 3
a: Renounce Religion


You were in the Dungeon.
You worshipped Vehumet.
Vehumet was exalted by your worship.
You visited 1 branch You collected 48 gold pieces.

Inventory:

Hand Weapons
 h - a +2 dagger
 l - a +2 trident (weapon)
 s - a +2 rapier of venom
 u - a +0 shortbow
 F - a +2 vampiric demon blade
Armour
 a - a +0 robe (worn)
 t - a +0 cloak (worn)
 v - a +1 hat
 C - a +0 buckler
Jewellery
 n - a +3 ring of evasion (left hand)
 o - a +3 ring of evasion (right hand)
 B - a ring of ice
 E - a ring of protection from cold
Wands
 A - a wand of paralysis (8)
 D - a wand of iceblast (5)
Scrolls
 g - 2 scrolls of blinking
 j - 5 scrolls of amnesia
 k - a scroll of butterflies
 w - 2 scrolls of fog
 x - 2 scrolls of identify
 y - 2 scrolls of fear
 z - 6 scrolls of enchant armour
Potions
 b - 3 potions of magic
 c - 6 potions of curing
 d - 9 potions of heal wounds
 e - 5 potions of haste
 f - 3 potions of berserk rage
 i - 2 potions of invisibility
 m - 2 potions of mutation
 p - 2 potions of resistance
 q - 4 potions of brilliance
 r - a potion of might


   Skills:
 - Level 3.0 Fighting
 - Level 2.6 Dodging
 - Level 3.0 Stealth
 + Level 14.5 Spellcasting
 + Level 16.6 Conjurations
 + Level 18.8 Earth Magic


You had 12 spell levels left.
You knew the following spells:

 Your Spells              Type           Power      Damage    Failure   Level
a - Magic Dart            Conj           100%       1d8       0%          1
b - Stone Arrow           Conj/Erth      100%       3d13      0%          3
c - Iskenderun's Battles  Conj           79%        2d13      1%          5
d - Lee's Rapid Deconstr  Erth           42%        3d20*     1%          5
e - Iron Shot             Conj/Erth      41%        9d8       1%          6
f - Lehudib's Crystal Sp  Conj/Erth      41%        10d10     4%          8

Your spell library contained the following spells:

 Spells                   Type           Power      Damage    Failure   Level
 Ignition                 Fire           9%         3d5       100%        8
 Fire Storm               Conj/Fire      28%        8d7       100%        9
 Searing Ray              Conj           100%       2d8       0%          2
 Dazzling Flash           Conj/Hex       100%       N/A       1%          3
 Fulminant Prism          Conj/Hex       28%        3d13      1%          4
 Iskenderun's Mystic Bla  Conj/Tloc      56%        2d12      1%          4
 Ozocubu's Armour         Ice            18%        N/A       10%         3
 Metabolic Englaciation   Hex/Ice        9%         N/A       65%         5
 Simulacrum               Ice/Necr       9%         N/A       99%         6


Dungeon Overview and Level Annotations

Branches:
Dungeon (1/1)

Altars:
Ashenzari
Cheibriados
Dithmenos
Elyvilon
Fedhas
Gozag
Hepliaklqana
Kikubaaqudgha
Makhleb
Nemelex Xobeh
Okawaru
Qazlal
Ru
Sif Muna
Trog
Uskayaw
Vehumet
Wu Jian
Xom
Yredelemnul
Zin
The Shining One
Jiyva
Lugonu


Innate Abilities, Weirdness & Mutations

You are very small and have problems with some larger weapons.
You are too small for most types of armour.
You have supernaturally acute eyesight. (SInv)
You cover ground extremely quickly. (Speed+++)


Message History

A frost giant comes into view.
It is wielding a +2 battleaxe of freezing.
Unknown command.
Things that are here:
a +1 robe of positive energy; a murky purple potion
Aiming: Iron Shot (dangerous; 1% risk of failure)
Press: ? - help, Q - select action, (/) - cycle Shift-Dir - straight line, f - frost giant
Aim: a frost giant, wielding a +2 battleaxe of freezing (98% to hit)
The iron shot hits the frost giant!!!
The frost giant is moderately wounded.
Your battlesphere fires!
The barrage of energy hits the frost giant!
The frost giant is heavily wounded.
Unknown command.
You don't have enough magic to cast this spell.
Unknown command.
Unknown command.
Unknown command.
Unknown command.
Magic courses through your body.
The frost giant points at you and mumbles some strange words.
The bolt of cold hits you!!
Ouch! That really hurt!
The bolt of cold hits your battlesphere.
Your battlesphere resists.
Aiming: Iron Shot (dangerous; 1% risk of failure)
Press: ? - help, Q - select action, (/) - cycle Shift-Dir - straight line, f/p - frost giant
Aim: a frost giant, wielding a +2 battleaxe of freezing (heavily wounded, ally target, 98% to hit)
The iron shot hits the frost giant!!
The frost giant is severely wounded.
Your battlesphere fires!
The barrage of energy hits the frost giant but does no damage.
The frost giant is severely wounded.
Your battlesphere expends the last of its energy and dissipates.
Unknown command.
Unknown command.
Unknown command.
The frost giant casts a spell at you. The bolt of cold hits you!!!
Ouch! That really hurt!
You die...

.................#
.....)...........#
+##############..#
#..# #..# #..#
#..# #..# #○@#
#..# #[.# #.C#
#''# #''# #...).#
e....#..## ....
##.:


You could see a frost giant.

Vanquished Creatures
  Boris (D)
  Gastronok (D)
  A yellow draconian (D)
  Erica (D)
  A boulder beetle (D)
  A death knight (D)
  4 death yaks (D)
  A sun demon (D)
  A shadow wraith (D)
  2 bog bodies (D)
  A swamp dragon (D)
  A wizard (D)
  A deep elf pyromancer (D)
  A manticore (D)
  A smoke demon (D)
  An efreet (D)
  An unseen horror (D)
  2 gargoyles (D)
  3 kobold demonologists (D)
  An ice devil (D)
  A guardian mummy (D)
  A red devil (D)
  A hellwing (D)
  A tarantella (D)
  A hornet (D)
  A troll (D)
  4 blink frogs (D)
  A shadow (D)
  2 chaos spawn (D)
  A ynoxinul (D)
  A redback (D)
  2 vampire mosquitoes (D)
  A warg (D)
  Duvessa (D)
  A floating eye (D)
  A water moccasin (D)
  2 centaurs (D)
  4 wolves (D)
  A phantom (D)
  A bullfrog (D)
  A gnoll sergeant (D)
  A scorpion (D)
  Dowan (D)
  A quasit (D)
  2 orc priests (D)
  A gnoll bouda (D)
  An orc wizard (D)
  8 gnolls (D)
  A white imp (D)
  An ufetubus (D)
  2 worms (D)
  6 orcs (D)
  A ball python (D)
  A giant cockroach (D)
  2 goblins (D)
  4 jackals (D)
  2 quokkas (D)
  A bat (D)
  A frilled lizard (D)
  A giant cockroach simulacrum (D)
  6 kobolds (D)
  A rat (D)
102 creatures vanquished.

Notes
Turn   | Place    | Note
-------+----------+-------------------------------------------
     0 | D        | Groucho the Spriggan Conjurer began the quest for the Orb.
     0 | D        | Reached XP level 1. HP: 9/9 MP: 5/5
    51 | D        | Found a bloodstained altar of Trog.
    51 | D        | Found a shimmering blue altar of Sif Muna.
    51 | D        | Found a viscous altar of Jiyva.
    51 | D        | Found a hazy altar of Hepliaklqana.
    51 | D        | Found an opulent altar of Gozag.
    52 | D        | Found a glowing golden altar of the Shining One.
    52 | D        | Found a glowing silver altar of Zin.
    52 | D        | Found a basalt altar of Yredelemnul.
    52 | D        | Found a shimmering altar of Xom.
    52 | D        | Found an ornate altar of the Wu Jian Council.
    52 | D        | Found a sacrificial altar of Ru.
    52 | D        | Found a stormy altar of Qazlal.
    52 | D        | Found an iron altar of Okawaru.
    52 | D        | Found a sparkling altar of Nemelex Xobeh.
    52 | D        | Found a burning altar of Makhleb.
    52 | D        | Found a blossoming altar of Fedhas.
    52 | D        | Found a white marble altar of Elyvilon.
    52 | D        | Found a shadowy altar of Dithmenos.
    52 | D        | Found a snail-covered altar of Cheibriados.
    54 | D        | Found a radiant altar of Vehumet.
    54 | D        | Found a corrupted altar of Lugonu.
    55 | D        | Found a hide-covered altar of Uskayaw.
    55 | D        | Found an ancient bone altar of Kikubaaqudgha.
    55 | D        | Found a broken altar of Ashenzari.
    66 | D        | Became a worshipper of Vehumet
    85 | D        | Noticed a scorpion
   414 | D        | Reached * piety under Vehumet
   414 | D        | Offered knowledge of Foxfire by Vehumet.
   473 | D        | Reached XP level 2. HP: 13/13 MP: 1/8
   768 | D        | Reached ** piety under Vehumet
   768 | D        | Offered knowledge of Shock by Vehumet.
   777 | D        | Reached skill level 5 in Spellcasting
   777 | D        | Reached *** piety under Vehumet
  1126 | D        | Offered knowledge of Stone Arrow by Vehumet.
  1132 | D        | Noticed a phantom
  1132 | D        | Noticed a bullfrog
  1160 | D        | Reached XP level 3. HP: 12/16 MP: 4/12
  1179 | D        | Learned a level 3 spell: Stone Arrow
  1185 | D        | Offered knowledge of Flame Wave by Vehumet.
  1186 | D        | Reached skill level 5 in Conjurations
  1186 | D        | Reached **** piety under Vehumet
  1187 | D        | Reached skill level 1 in Earth Magic
  1189 | D        | Killed a phantom
  1190 | D        | Reached skill level 3 in Earth Magic
  1190 | D        | Reached XP level 4. HP: 21/21 MP: 4/15
  1190 | D        | Reached XP level 5. HP: 24/24 MP: 4/16
  1466 | D        | Offered knowledge of Iskenderun's Battlesphere by Vehumet.
  1467 | D        | Reached skill level 4 in Earth Magic
  1544 | D        | Learned a level 5 spell: Iskenderun's Battlesphere
  1701 | D        | Reached ***** piety under Vehumet
  1704 | D        | Noticed a deep elf pyromancer
  1706 | D        | Killed a deep elf pyromancer
  1706 | D        | Offered knowledge of Freezing Cloud by Vehumet.
  1707 | D        | Reached skill level 7 in Earth Magic
  1707 | D        | Reached XP level 6. HP: 28/28 MP: 13/21
  1707 | D        | Reached XP level 7. HP: 32/32 MP: 14/23
  1745 | D        | Noticed Duvessa
  1745 | D        | Noticed Dowan
  1745 | D        | Noticed a vampire mosquito
  1745 | D        | Noticed a vampire mosquito
  1785 | D        | Killed a vampire mosquito
  1786 | D        | Reached skill level 8 in Earth Magic
  2074 | D        | Killed Duvessa
  2077 | D        | Reached skill level 9 in Earth Magic
  2077 | D        | Reached XP level 8. HP: 36/36 MP: 17/25
  2087 | D        | Killed Dowan
  2089 | D        | Offered knowledge of Lee's Rapid Deconstruction by Vehumet.
  2512 | D        | Reached skill level 10 in Earth Magic
  2523 | D        | Learned a level 5 spell: Lee's Rapid Deconstruction
  2530 | D        | Noticed a kobold demonologist
  2534 | D        | Killed a kobold demonologist
  2535 | D        | Reached skill level 10 in Conjurations
  2992 | D        | Noticed a manticore
  2998 | D        | Reached skill level 1 in Fighting
  2998 | D        | Reached skill level 11 in Earth Magic
  3002 | D        | Killed a manticore
  3003 | D        | Reached XP level 9. HP: 40/44 MP: 10/26
  3398 | D        | Noticed an unseen horror
  3398 | D        | Noticed a death yak
  3402 | D        | Killed an unseen horror
  3404 | D        | Killed a death yak
  3404 | D        | Reached ****** piety under Vehumet
  3404 | D        | Offered knowledge of Starburst by Vehumet.
  3405 | D        | Reached skill level 12 in Earth Magic
  3414 | D        | Noticed a shadow wraith
  3417 | D        | Killed a shadow wraith
  3418 | D        | Reached skill level 13 in Earth Magic
  3831 | D        | Noticed Erica
  3838 | D        | Killed Erica
  3839 | D        | Reached XP level 10. HP: 19/49 MP: 19/27
  4507 | D        | Offered knowledge of Iron Shot by Vehumet.
  4511 | D        | Noticed a gargoyle
  4514 | D        | Reached skill level 14 in Earth Magic
  4872 | D        | Killed a gargoyle
  4889 | D        | Learned a level 6 spell: Iron Shot
  4962 | D        | Noticed a swamp dragon
  4969 | D        | Offered knowledge of Eringya's Noxious Bog by Vehumet.
  4987 | D        | Killed a swamp dragon
  5452 | D        | Noticed a death yak
  5452 | D        | Noticed a death knight
  5455 | D        | Noticed a death yak
  5456 | D        | Noticed a death yak
  5457 | D        | Killed a death yak
  5458 | D        | Reached skill level 15 in Earth Magic
  5479 | D        | Killed a death knight
  5683 | D        | Noticed a boulder beetle
  5718 | D        | Killed a death yak
  5719 | D        | Reached XP level 11. HP: 52/52 MP: 11/28
  6059 | D        | Offered knowledge of Arcjolt by Vehumet.
  6060 | D        | Reached skill level 16 in Earth Magic
  6286 | D        | Killed a boulder beetle
  6445 | D        | Killed a death yak
  6446 | D        | Reached skill level 15 in Conjurations
  7441 | D        | Noticed Gastronok
  7455 | D        | Offered knowledge of Conjure Ball Lightning by Vehumet.
  7461 | D        | Reached skill level 17 in Earth Magic
  7857 | D        | Killed Gastronok
  8249 | D        | Offered knowledge of Lehudib's Crystal Spear by Vehumet.
  8249 | D        | Offered knowledge of Fire Storm by Vehumet.
  8249 | D        | Offered knowledge of Ignition by Vehumet.
  9000 | D        | Learned a level 8 spell: Lehudib's Crystal Spear
  9828 | D        | Noticed a bog body
  9830 | D        | Noticed a sun demon
  9833 | D        | Killed a bog body
  9837 | D        | Killed a sun demon
  9838 | D        | Reached skill level 18 in Earth Magic
 10154 | D        | Noticed a wizard
 10156 | D        | Killed a wizard
 10404 | D        | Noticed a bog body
 10417 | D        | Killed a bog body
 10418 | D        | Reached XP level 12. HP: 56/56 MP: 20/30
 10804 | D        | Paralysed by a hornet for 2 turns
 11326 | D        | Noticed a yellow draconian
 11330 | D        | Killed a yellow draconian
 11724 | D        | Noticed Boris
 11724 | D        | Noticed a deep elf high priest
 11740 | D        | Killed Boris
 11742 | D        | Noticed a frost giant
 11749 | D        | Killed from afar by a frost giant

Illustrated notes

Levels and vault maps discovered:
D:        pitsprint [storerooms_1, entrance_room_1, metal_vault_6, armoury_2,
          mini_pit_1, grid_room_1, main_hall_1, silver_pit, the_coven_3,
          the_vestibule_1, steel_vault_4, golden_pit, hallway_of_sentries,
          crystal_vault_4, iron_vault_1, final_vault]

Skill      XL: |  1  2  3  4  5  6  7  8  9 10 11 12 |
---------------+-------------------------------------+-----
Spellcasting   | 4 6 8 11 12 13 14 | 14.5
Conjurations   | 3 4 5 8 9 10 12 14 16 | 16.6
Earth Magic    | 3 7 9 11 13 15 18 | 18.8
Fighting       | 3 |  3.0
Dodging        | |  2.6
Stealth        | |  3.0

Action                     |  1- 3 |  4- 6 |  7- 9 | 10-12 || total
---------------------------+-------+-------+-------+-------++-------
  Melee: Trident           |     6 |       |       |    10 ||    16
   Cast: Magic Dart        |    44 |     6 |    25 |    23 ||    98
         Stone Arrow       |     4 |     4 |    28 |    40 ||    76
         Iskenderun's Batt |       |     1 |     6 |     6 ||    13
         Iron Shot         |       |       |       |    60 ||    60
         Lee's Rapid Decon |       |       |       |     7 ||     7
         Lehudib's Crystal |       |       |       |     3 ||     3
    Use: Potion            |     3 |       |     1 |     9 ||    13
 Armour: Robe              |     5 |       |     1 |     4 ||    10
  Dodge: Dodged            |    38 |     1 |     8 |    42 ||    89
